 Dungeon Crawl Stone Soup version 0.23-a0-436-g57debff (webtiles) character file.

1460 Azzok the Grappler (level 8, 0/118 HPs)
             Began as a Troll Transmuter on Nov 16, 2018.
             Was an Initiate of Cheibriados.
             Killed from afar by Ijyb (21 damage)
             ... with a wand of acid (3)
             ... on level 5 of the Dungeon.
             The game lasted 00:07:29 (3528 turns).

Azzok the Grappler (Troll Transmuter)               Turns: 3528, Time: 00:07:30

Health: 0/118      AC: 24    Str: 20    XL:     8   Next: 48%
Magic:  16/16      EV:  1    Int: 12    God:    Cheibriados [......]
Gold:   257        SH:  0    Dex: 11    Spells: 6/9 levels left

rFire    . . .     SeeInvis .     - Unarmed
rCold    . . .     Gourm    +   (no shield)
rNeg     + + +     Faith    .   (armour currently unavailable)
rPois    +         Spirit   .   (helmet currently unavailable)
rElec    .         Reflect  .   (cloak currently unavailable)
rCorr    .         Harm     .   (gloves unavailable)
MR       .....     Rnd*Rage +   (boots unavailable) Stlth +.........NoTele +
                                j - amulet of regeneration
HPRegen  1.09/turn              s - ring of magical power
MPRegen  0.15/turn              (no ring)

@: tree-form, hasted, drained, quick
A: large, unfitting armour, berserk 1, fast metabolism 3, gourmand, low mp 1,
regeneration 1, evolution 1
a: Bend Time, Renounce Religion


You were on level 5 of the Dungeon.
You worshipped Cheibriados.
Cheibriados was noncommittal.
You were completely stuffed.
You were a tree.
You visited 2 branches of the dungeon, and saw 6 of its levels.

You collected 257 gold pieces.

Inventory:

Missiles
 a - 71 arrows
Armour
 p - a scarf of resistance (melded)
 y - a +2 robe of magic resistance (melded)
Jewellery
 j - an amulet of regeneration (around neck)
 s - a ring of magical power (left branch)
Wands
 f - a wand of flame (14)
Scrolls
 c - 2 scrolls of enchant weapon {unknown}
 g - 6 scrolls of identify {unknown}
 i - a scroll of immolation {unknown}
 k - a scroll of fear {unknown}
 l - a scroll of magic mapping {unknown}
 o - a scroll of teleportation {unknown}
 q - 3 scrolls of enchant armour {unknown}
 r - a scroll of remove curse {unknown}
 x - a scroll of amnesia {unknown}
Potions
 e - a potion of haste
 h - a potion of flight {unknown}
 m - a potion of curing {unknown}
 n - a potion of mutation {!q}
 t - a potion of magic {unknown}
 u - a potion of might {unknown}
 v - a potion of invisibility {unknown}
 z - a potion of heal wounds {unknown}
Comestibles
 d - 15 rations
 A - 2 chunks of flesh


   Skills:
 + Level 4.3(3.8) Fighting
 - Level 1.5(1.1) Dodging
 * Level 8.2(7.6) Unarmed Combat
 - Level 1.2(0.7) Spellcasting
 + Level 4.0(3.5) Transmutations


You had 6 spell levels left.
You knew the following spells:

 Your Spells              Type           Power        Failure   Level  Hunger
a - Beastly Appendage     Tmut           #.....       8%          1    ##.....
b - Sticks to Snakes      Tmut           #.......     11%         2    ###....

Your spell library contained the following spells:

 Spells                   Type           Power        Failure   Level  Hunger
 Spider Form              Tmut/Pois      #.........   41%         3    ####...
 Ice Form                 Ice/Tmut       #.......     83%         4    #####..
 Blade Hands              Tmut           #.........   90%         5    ######.


Dungeon Overview and Level Annotations

Branches:
Dungeon (5/15)             Temple (1/1) D:5

Altars:
Cheibriados
Fedhas
Kikubaaqudgha
Nemelex Xobeh
Qazlal
Sif Muna
Uskayaw
Vehumet
The Shining One

Annotations:
D:5 Ijyb


Innate Abilities, Weirdness & Mutations

You are too large for most types of armour.
((You have claws for hands.))
Your metabolism is lightning-fast.
You like to eat raw meat.
Your natural rate of healing is unusually fast.
((You are covered in fur. (AC +1)))
((You have very tough skin. (AC +2)))
You tend to lose your temper in combat.
Your magical capacity is low. (-10% MP)
You evolve.


Message History

You smack the big kobold!
You kill the big kobold!
Your base Transmutations skill increases to level 4!
You barely miss Ijyb. Ijyb hits you but does no damage.
You smack Ijyb!
Ijyb is moderately wounded.
You barely miss the kobold. Ijyb hits you but does no damage.
The kobold hits you but does no damage. x2
You barely miss the kobold. You closely miss the kobold.
Ijyb hits you but does no damage.
The kobold hits you with a +1 short sword of draining.
* * * LOW HITPOINT WARNING * * *
The kobold hits you but does no damage.
You pummel the kobold!!
You kill the kobold!
You pummel the kobold!!
You kill the kobold!
Ijyb zaps a wand.
Helpless, you fail to dodge the bolt of acid.
You die...

▒▒▒·········
▒···········
▒····)····▒
▒··K))····▒
▒·†(▒▒▒▒▒▒▒
▒··†▒ ▒···▒
▒··(▒▒▒▒▒▒
▒··K·♣···▒
▒···g)···▒
▒········▒
▒▒▒(·····▒
▒······▒
▒······▒
▒······▒
▒······▒


You could see Ijyb and a kobold.

Vanquished Creatures
  Grinder (D:4)
  Sigmund (D:5)
  Duvessa (D:5)
  An ogre (D:4)
  A centaur (D:5)
  A big kobold (D:5)
  A bullfrog (D:4)
  Dowan (D:5)
  A scorpion (D:4)
  A howler monkey (D:4)
  3 crimson imps
  3 bullfrog skeletons
  2 iguanas
  3 orc wizards
  A worker ant (Temple)
  4 gnolls (D:5)
  10 adders
  A shadow imp (D:5)
  3 worms
  3 dart slugs
  4 leopard geckos
  6 orcs
  6 bats
  5 giant cockroaches
  A goblin (D:2)
  11 hobgoblins
  7 jackals
  2 quokkas
  A ball python (D:1)
  7 frilled lizards
  10 kobolds
  A leopard gecko zombie (D:5)
  5 rats
109 creatures vanquished.

Vanquished Creatures (others)
  2 kobolds (D:5)
2 creatures vanquished.

Grand Total: 111 creatures vanquished

Notes
Turn   | Place    | Note
-------+----------+-------------------------------------------
     0 | D:1      | Azzok the Troll Transmuter began the quest for the Orb.
     0 | D:1      | Reached XP level 1. HP: 18/18 MP: 1/1
    57 | D:1      | Reached skill level 1 in Fighting
   231 | D:1      | Reached XP level 2. HP: 27/27 MP: 2/2
   806 | D:1      | Learned a level 2 spell: Sticks to Snakes
   885 | D:2      | Reached XP level 3. HP: 33/33 MP: 3/3
   915 | D:2      | Reached skill level 4 in Unarmed Combat
  1036 | D:2      | Found a radiant altar of Vehumet.
  1036 | D:2      | Found a deep blue altar of Sif Muna.
  1037 | D:2      | Found a sparkling altar of Nemelex Xobeh.
  1093 | D:2      | Reached XP level 4. HP: 41/42 MP: 4/4
  1662 | D:3      | Reached XP level 5. HP: 47/49 MP: 5/5
  2032 | D:4      | Reached skill level 5 in Unarmed Combat
  2202 | D:4      | Noticed an ogre
  2260 | D:4      | Killed an ogre
  2260 | D:4      | Reached XP level 6. HP: 27/59 MP: 6/6
  2485 | D:4      | Noticed Grinder
  2487 | D:4      | Paralysed by Grinder for 5 turns
  2517 | D:4      | Killed Grinder
  2517 | D:4      | Reached skill level 6 in Unarmed Combat
  2517 | D:4      | Reached XP level 7. HP: 44/67 MP: 5/7
  2656 | D:4      | Found an ancient bone altar of Kikubaaqudgha.
  2657 | D:4      | Found a stormy altar of Qazlal.
  3047 | D:5      | Entered Level 5 of the Dungeon
  3090 | D:5      | Found a glowing golden altar of the Shining One.
  3138 | D:5      | Noticed Sigmund
  3151 | D:5      | Killed Sigmund
  3151 | D:5      | Reached skill level 7 in Unarmed Combat
  3181 | D:5      | Found a staircase to the Ecumenical Temple.
  3191 | Temple   | Entered the Ecumenical Temple
  3235 | Temple   | Became a worshipper of Cheibriados the Contemplative
  3313 | D:5      | Reached XP level 8. HP: 71/78 MP: 8/8
  3389 | D:5      | Noticed Dowan
  3390 | D:5      | Noticed Duvessa
  3411 | D:5      | Killed Duvessa
  3414 | D:5      | Killed Dowan
  3495 | D:5      | Reached skill level 8 in Unarmed Combat
  3501 | D:5      | Noticed Ijyb
  3519 | D:5      | Gained mutation: You tend to lose your temper in combat.
                  | [potion of mutation]
  3519 | D:5      | Gained mutation: Your magical capacity is low. (-10% MP)
                  | [potion of mutation]
  3519 | D:5      | Gained mutation: You evolve. [potion of mutation]
  3528 | D:5      | Killed from afar by Ijyb

Vault maps used:
D:1:      nzn_arrival_crosshair, minivault_24, minmay_unequal
D:2:      chequers_temple_overflow_statue_of_worship, first_ration,
          grunt_decor_clamped
D:4:      gammafunk_temple_overflow_statue, kennysheep_generic_room_6,
          uniq_grinder
D:5:      tso_metal_star, minmay_temple_entry_trees, serial_shops,
          kennysheep_mini, uniq_ijyb, uniq_duvessa, uniq_sigmund
Temple:   minmay_temple_curvy_loop

Skill      XL: |  1  2  3  4  5  6  7  8 |
---------------+-------------------------+-----
Fighting       | 1 2 3 4 |  4.3
Unarmed Combat | 4 5 6 7 8 |  8.2
Transmutations | 2 3 4 |  4.0
Dodging        | |  1.5
Spellcasting   | |  1.2

Action                   |  1- 3 |  4- 6 |  7- 9 || total
-------------------------+-------+-------+-------++-------
Melee: Unarmed           |    86 |   132 |   121 ||   339
       Punch             |     1 |     2 |     2 ||     5
 Cast: Sticks to Snakes  |       |     6 |     1 ||     7
  Use: Potion            |       |       |     3 ||     3
 Stab: Sleeping          |     1 |       |       ||     1
  Eat: Chunk             |    15 |    14 |    10 ||    39
Armor: Robe              |    33 |    45 |    33 ||   111
       Skin              |       |       |     6 ||     6
Dodge: Dodged            |    46 |    56 |    58 ||   160

Table legend:
 A = Non-vault XP
 B = Vault XP
 C = Vault XP percentage of total XP
 D = Non-vault monster count
 E = Vault monster count
 F = Vault count percentage of total count
                 A         B        C        D         E       F
            +---------+---------+-------+---------+---------+-------
      Total |    1286 |     800 |  38.4 |     100 |       9 |   8.3
            +---------+---------+-------+---------+---------+-------
        D:1 |      30 |       4 |  11.8 |      16 |       3 |  15.8
        D:2 |     115 |       0 |   0.0 |      25 |       0 |   0.0
        D:3 |      81 |       0 |   0.0 |      23 |       0 |   0.0
        D:4 |     398 |     360 |  47.5 |      12 |       3 |  20.0
        D:5 |     500 |     436 |  46.6 |      19 |       3 |  13.6
     Temple |     162 |       0 |   0.0 |       5 |       0 |   0.0
            +---------+---------+-------+---------+---------+-------
